 Dungeon Crawl Stone Soup version 0.27.1-34-g3ba077fa99 (webtiles) character file.

Game seed: 1297602576927325311

0 cyrus the Magician (level 1, -1/13 HPs)
             Began as a Gnoll Wanderer on Jan 17, 2022.
             Slain by a kobold (3 damage)
             ... on level 1 of the Dungeon.
             The game lasted 00:01:09 (78 turns).

cyrus the Magician (Gnoll Wanderer)                   Turns: 78, Time: 00:01:10

Health: -1/13      AC:  2    Str: 11    XL:     1   Next: 10%
Magic:  8/8        EV: 11    Int: 12    God:
Gold:   0          SH:  0    Dex: 10    Spells: 14/14 levels left

rFire    . . .     SeeInvis .   a - +0 club
rCold    . . .     Faith    .   (no shield)
rNeg     . . .     Spirit   .   b - +0 robe
rPois    .         Reflect  .   (no helmet)
rElec    .         Harm     .   (no cloak)
rCorr    .         Rampage  .   (no gloves)
Will     .....                  (no boots)
Stlth    +.........             (no amulet)
HPRegen  0.04/turn              (no ring)
MPRegen  0.11/turn              (no ring)

@: very slow
A: fangs 1, strong nose, distributed training
a: no special abilities


You were on level 1 of the Dungeon.
You visited 1 branch of the dungeon, and saw 1 of its levels.

Inventory:

Hand Weapons
 a - a +0 club (weapon)
Armour
 b - a +0 robe (worn)
Scrolls
 c - a scroll of teleportation


   Skills:
 + Level 0.0 Fighting
 + Level 0.0 Short Blades
 + Level 0.0 Long Blades
 + Level 0.0 Axes
 + Level 0.0 Maces & Flails
 + Level 0.0 Polearms
 + Level 0.0 Staves
 + Level 0.0 Slings
 + Level 0.0 Bows
 + Level 0.0 Crossbows
 + Level 0.0 Throwing
 + Level 0.0 Armour
 + Level 0.0 Dodging
 + Level 2.1 Stealth
 + Level 0.0 Shields
 + Level 0.0 Unarmed Combat
 + Level 7.0 Spellcasting
 + Level 3.6 Conjurations
 + Level 0.0 Hexes
 + Level 3.6 Summonings
 + Level 0.0 Necromancy
 + Level 0.0 Translocations
 + Level 0.0 Transmutations
 + Level 1.9 Fire Magic
 + Level 0.0 Ice Magic
 + Level 0.0 Air Magic
 + Level 0.0 Earth Magic
 + Level 0.0 Poison Magic
 + Level 0.0 Invocations
 + Level 2.3 Evocations


You had 14 spell levels left.
You didn't know any spells.
Your spell library contained the following spells:

 Spells                   Type           Power      Damage    Failure   Level
 Foxfire                  Conj/Fire      40%        2x1d6     5%          1
 Shock                    Conj/Air       32%        1d5       8%          1
 Conjure Flame            Conj/Fire      10%        6-21      16%         3
 Inner Flame              Hex/Fire       6%         N/A       32%         3
 Swiftness                Air            4%         N/A       43%         3
 Sticky Flame             Conj/Fire      10%        2d3       45%         4
 Fireball                 Conj/Fire      5%         3d5       82%         5


Dungeon Overview and Level Annotations

Branches:
Dungeon (1/15)

Altars:


Innate Abilities, Weirdness & Mutations

You have very sharp teeth.
Your uncanny sense of smell can sniff out nearby items.
Your experience applies equally to all skills.


Message History

You open the door.
Found a murky pink potion.
There is an open door here.
You enter the shallow water.
Moving in this stuff is going to be slow.
Found 21 stones.
A rat comes into view.
Sorry, you're not good enough to have a special ability.
Welcome back, cyrus the Gnoll Wanderer.
Press ? for a list of commands and other information.
You hit the rat.
You kill the rat!
Unknown command.
There's nothing to close nearby.
A kobold comes into view. It is wielding a +0 short sword.
The kobold shouts!
A giant cockroach comes into view.
The kobold barely misses you.
You hit the kobold. Your bite misses the kobold.
The kobold is moderately wounded.
The kobold hits you with a +0 short sword.
You closely miss the kobold. The kobold barely misses you.
The kobold hits you with a +0 short sword.
You closely miss the kobold.
The kobold hits you with a +0 short sword.
The giant cockroach closely misses you.
Unknown command.
The giant cockroach closely misses you. The giant cockroach barely misses you.
The giant cockroach barely misses you. The giant cockroach bites you.
The giant cockroach bites you. The giant cockroach closely misses you.
You enter the shallow water.
Moving in this stuff is going to be slow.
The kobold hits you but does no damage.
The giant cockroach splashes around in the water.
The giant cockroach bites you.
* * * LOW HITPOINT WARNING * * *
The kobold hits you with a +0 short sword.
You die...

#. ..# ##### ... #...# #.#
♣#.<.#♣ #.# #.# ....
######...##########.## #.#
#..#
#..+.......+..##≈≈#.^# #.#
#..
...#########...'@K..!###.#
...
#..'.......'..##≈B.....#.#
#.#
######...#########...#.#.#
#.### ♣#.⌠.#♣
###...#.#.####.... #...#
#...............# #####
#.#.(#.##.#####...
#.#..#.##.# .#. #
#..#..#.# .# #..##.#.# .#


You could see a giant cockroach and a kobold.

Vanquished Creatures
  A rat (D:1)
1 creature vanquished.

Notes
Turn   | Place    | Note
-------+----------+-------------------------------------------
     0 | D:1      | cyrus the Gnoll Wanderer began the quest for the Orb.
     0 | D:1      | cyrus set off with the following items: a +0 club, a +0
                  | robe, a scroll of teleportation; and the following spells
                  | available to memorise: Foxfire, Shock, Conjure Flame, Inner
                  | Flame, Swiftness, Sticky Flame, Fireball
     0 | D:1      | Reached XP level 1. HP: 13/13 MP: 8/8
    78 | D:1      | Slain by a kobold

Illustrated notes

Levels and vault maps discovered:
D:1:      sevenhm_arrival_forest_fort_small_1, layout_basic

Action                   || total
-------------------------++-------
Melee: Club              ||     4
Armor: Robe              ||     1
Dodge: Dodged            ||     7
